 Dungeon Crawl Stone Soup version 0.30-a0-757-ga6a79fd877 (webtiles) character file.

Game seed: 123035384604993141

1117 bmack86 the Chopper (level 8, -1/70 HPs)
             Began as a Minotaur Fighter on Feb 10, 2023.
             Was a Follower of Okawaru.
             Succumbed to a water moccasin's poison
             ... on level 5 of the Dungeon.
             The game lasted 00:11:27 (3997 turns).

bmack86 the Chopper (Minotaur Fighter)              Turns: 3997, Time: 00:11:28

Health: -1/70      AC:  6    Str: 24    XL:     8   Next: 12%
Magic:  7/8        EV:  9    Int:  5    God:    Okawaru [*.....]
Gold:   58         SH:  5    Dex:  9    Spells: 7/7 levels left

rFire   . . .      SeeInvis .    t - +5 hand axe
rCold   . . .      Faith    .    c - +0 buckler
rNeg    . . .      Spirit   .    q - +4 scale mail
rPois   .          Reflect  .    (helmet restricted)
rElec   .          Harm     .    (no cloak)
rCorr   .          Rampage  .    x - +0 pair of gloves
Will    .....                    j - +0 pair of boots Stlth
                                 (no amulet)
HPRegen 0.31/turn                (no ring)
MPRegen 0.11/turn                (no ring)

@: lethally poisoned (-1 -> -26), corroded
A: horns 2, retaliatory headbutt
a: Renounce Religion, Heroism


You were on level 5 of the Dungeon.
You worshipped Okawaru.
Okawaru was aware of your devotion.
You visited 2 branches of the dungeon, and saw 6 of its levels.

You collected 161 gold pieces.
You spent 103 gold pieces at shops.

Inventory:

Hand Weapons
 a - a +0 war axe
 t - a +5 hand axe (weapon)
Missiles
 i - 4 boomerangs (quivered)
 k - 10 poisoned darts
Armour
 c - a +0 buckler (worn)
 j - a +0 pair of boots (worn)
 q - a +4 scale mail (worn)
 s - +0 ice dragon scales
 x - a +0 pair of gloves (worn)
Jewellery
 m - a ring of wizardry
Wands
 p - a wand of flame (25)
Scrolls
 f - 3 scrolls of teleportation
 l - a scroll of identify
 n - a scroll of fog
 u - a scroll of enchant weapon {unknown}
 v - a scroll of vulnerability {unknown}
 w - a scroll of immolation {unknown}
 y - a scroll of fear {unknown}
Potions
 b - a potion of cancellation
 d - a potion of might
 e - 2 potions of berserk rage
 g - a potion of ambrosia
 h - 3 potions of curing
 o - a potion of flight
 r - a potion of brilliance


   Skills:
 + Level 5.9 Fighting
 * Level 7.1 Axes
 + Level 3.1 Throwing
 + Level 5.8 Armour
 + Level 5.8 Shields
 + Level 1.3 Invocations


You had 7 spell levels left.
You didn't know any spells.
Your spell library contained the following spells:

 Spells                   Type           Power      Damage    Failure   Level
 Shock                    Conj/Air       0%         1d3       83%         1
 Stone Arrow              Conj/Erth      0%         3d7       99%         3
 Swiftness                Air            0%         N/A       99%         3
 Airstrike                Air            0%         2d(0-16)  100%        4
 Lehudib's Crystal Spear  Conj/Erth      0%         10d2      100%        8
 Animate Armour           Summ/Erth      Unusable   N/A       N/A         4

Dungeon Overview and Level Annotations

Branches:
Dungeon (5/15)             Temple (1/1) D:5

Altars:
Cheibriados
Dithmenos
Fedhas
Hepliaklqana
Kikubaaqudgha
Makhleb
Okawaru
Trog
Uskayaw
Vehumet
Xom
Yredelemnul

Shops:
D:1 ?   D:5 [


Innate Abilities, Weirdness & Mutations

You have a pair of horns on your head.
You reflexively headbutt those who attack you in melee.


Message History

The water moccasin is heavily wounded.
You hit the jelly.
You kill the jelly!
Okawaru accepts your kill.
You feel very sick. The water moccasin bites you.
* * * LOW HITPOINT WARNING * * *
You block the water moccasin's attack.
You hit the water moccasin.
The water moccasin is severely wounded.
You feel sick. The water moccasin barely misses you.
You feel better.
The water moccasin bites you but does no damage.
You completely miss the water moccasin.
The water moccasin is severely wounded.
The water moccasin barely misses you. The water moccasin bites you.
* * * LOW HITPOINT WARNING * * *
You hit the water moccasin but do no damage.
The water moccasin is severely wounded.
The water moccasin closely misses you.
You hit the water moccasin but do no damage.
Your headbutt misses the water moccasin.
The water moccasin is severely wounded.
The water moccasin bites you.
* * * LOW HITPOINT WARNING * * *
You are poisoned.
The water moccasin poisons you!
You barely miss the water moccasin.
You headbutt the water moccasin, but do no damage.
The water moccasin is severely wounded.
* * * LOW HITPOINT WARNING * * *
You feel very sick. The water moccasin barely misses you.
The water moccasin bites you.
* * * LOW HITPOINT WARNING * * *
You are more poisoned.
The water moccasin poisons you!
You hit the water moccasin.
You headbutt the water moccasin, but do no damage.
The water moccasin is severely wounded.
You die...

,,,,,,,,* *,,,,,,,*,,,**
,,,,,,,***#)...#.......#*
,,,,,,,***,....#........*
,,......#.##............*
,,........#.............**
*,,...............$.....,**
#####...................,,*
....[............)......,,***
..#.............@S....#*,,,,*
..##............$.....#.,,,**
..####..................,,,*
........................,,**
....##............##.##.***
..######.##......##,##***
..#### ###..##.....,** .....#
##..#......,* .....###
#..#.....)#*


You could see a water moccasin.

Vanquished Creatures
  Eustachio (D:4)
  A water moccasin (D:5)
  2 ogres
  2 scorpions
  A necrophage (D:5)
  A howler monkey (D:4)
  A jelly (D:5)
  A hound (D:5)
  An orc priest (D:3)
  3 iguanas
  Ijyb (D:3)
  Terence (D:3)
  3 orc wizards
  Robin (D:3)
  2 adders
  2 worms
  7 dart slugs
  20 orcs
  8 ball pythons
  9 endoplasms
  3 giant cockroaches
  18 goblins
  5 hobgoblins
  4 jackals (D:3)
  8 kobolds
  2 quokkas
  4 bats
  A frilled lizard (D:2)
  10 rats
123 creatures vanquished.

Notes
Turn   | Place    | Note
-------+----------+-------------------------------------------
     0 | D:1      | bmack86 the Minotaur Fighter began the quest for the Orb.
     0 | D:1      | Reached XP level 1. HP: 19/19 MP: 0/0
   118 | D:1      | Found Himivvu's Magic Scroll Shop.
   130 | D:1      | Reached XP level 2. HP: 11/27 MP: 1/1
   131 | D:1      | Reached skill level 3 in Axes
   259 | D:1      | Reached XP level 3. HP: 33/33 MP: 2/2
   959 | D:2      | Reached XP level 4. HP: 34/40 MP: 3/3
  1468 | D:2      | Identified the +7 mace of the Shark {flame, Int+4}
  1665 | D:3      | Reached skill level 4 in Axes
  1942 | D:3      | Reached skill level 1 in Throwing
  1942 | D:3      | Reached XP level 5. HP: 28/47 MP: 4/4
  1981 | D:3      | Noticed Robin
  1991 | D:3      | Killed Robin
  2169 | D:3      | Noticed Ijyb
  2192 | D:3      | Killed Ijyb
  2287 | D:3      | Found a shadowy altar of Dithmenos.
  2294 | D:3      | Found a radiant altar of Vehumet.
  2630 | D:3      | Noticed Terence
  2639 | D:3      | Killed Terence
  2995 | D:4      | Found an ancient bone altar of Kikubaaqudgha.
  3027 | D:4      | Reached skill level 5 in Axes
  3156 | D:4      | Reached XP level 6. HP: 40/55 MP: 5/5
  3302 | D:4      | Reached skill level 5 in Fighting
  3304 | D:4      | Reached skill level 5 in Armour
  3304 | D:4      | Reached skill level 5 in Shields
  3712 | D:5      | Entered Level 5 of the Dungeon
  3712 | D:5      | Noticed Eustachio
  3733 | D:4      | Killed Eustachio
  3734 | D:4      | Reached skill level 6 in Axes
  3734 | D:4      | Reached XP level 7. HP: 61/61 MP: 6/6
  3803 | D:5      | Found a staircase to the Ecumenical Temple.
  3816 | Temple   | Entered the Ecumenical Temple
  3846 | Temple   | Became a worshipper of Warmaster Okawaru
  3870 | D:5      | Found Resommoc's Antique Armour Shoppe.
  3911 | D:5      | Bought a pair of gloves for 103 gold pieces
  3969 | D:5      | Reached skill level 1 in Invocations
  3975 | D:5      | Reached * piety under Okawaru
  3976 | D:5      | Reached skill level 7 in Axes
  3976 | D:5      | Reached XP level 8. HP: 57/70 MP: 7/7
  3997 | D:5      | Succumbed to a water moccasin's poison

Illustrated notes

Levels and vault maps discovered:
D:1:      nagdon_arrival_double_spiral, layout_rooms, serial_shops, shop,
          minmay_cupped
D:2:      layout_basic, minmay_distorted
D:3:      layout_loops_corners, amethyst_overflow_temple_binary, uniq_robin,
          uniq_terence, uniq_ijyb
D:4:      layout_loops_ring, mainiacjoe_overflow_cross_hatched
D:5:      layout_cave_pools, minmay_temple_entry_mist, serial_shops, shop,
          uniq_eustachio
Temple:   eino_narrow_crystal_temple

Skill      XL: |  1  2  3  4  5  6  7 |
---------------+----------------------+-----
Axes           | 3 4 5 6 7 |  7.1
Fighting       | 4 5 |  5.9
Armour         | 4 5 |  5.8
Shields        | 4 5 |  5.8
Throwing       | 1 2 3 |  3.1
Invocations    | 1 |  1.3

Action                     |  1- 3 |  4- 6 |  7- 9 || total
---------------------------+-------+-------+-------++-------
  Melee: War axe           |    52 |   160 |       ||   212
         Headbutt          |     8 |    32 |    11 ||    51
         Hand axe          |       |    13 |    42 ||    55
    Use: Scroll            |     3 |     6 |     1 ||    10
         Potion            |       |     1 |     1 ||     2
 Armour: Scale mail        |    48 |    99 |    26 ||   173
  Dodge: Dodged            |    38 |    87 |    22 ||   147
  Block: Buckler           |    17 |    51 |    13 ||    81

Table legend: (Time is in decaauts)
 A = Elapsed time spent in this place.
 B = Non-inter-level travel time spent in this place.
 C = Inter-level travel time spent in this place.
 D = Time resting spent in this place.
 E = Time spent auto-exploring this place.
 F = Levels seen in this place.
 G = Mean time per level.
                   A        B        C        D        E       F      G
               +--------+--------+--------+--------+--------+-----+--------+
         Total |   4073 |   3943 |    130 |      0 |   2686 |   6 |  678.8 |
       Dungeon |   4034 |   3911 |    123 |      0 |   2686 |   5 |  806.8 |
        Temple |     39 |     32 |      7 |      0 |      0 |   1 |   39.0 |
               +--------+--------+--------+--------+--------+-----+--------+

Top non-repeatable levels by time:
     D:3: 1413 daAuts
     D:2: 893 daAuts
     D:4: 846 daAuts
     D:1: 684 daAuts
     D:5: 196 daAuts
  Temple: 39 daAuts
